 Dungeon Crawl Stone Soup version 0.28.0-45-g0d030f2227 (webtiles) character file.

Game seed: 4333475589137204671

1911 Faeu the Shield-Bearer (level 8, -9/166 HPs)
             Began as a Minotaur Fighter on Mar 30, 2022.
             Was a Follower of Okawaru.
             Mangled by a gnoll
             ... wielding a +0 halberd
              (12 damage)
             ... on level 7 of the Dungeon.
             The game lasted 00:31:49 (7533 turns).

Faeu the Shield-Bearer (Minotaur Fighter)           Turns: 7533, Time: 00:31:50

Health: -9/166     AC: 28    Str: 24    XL:     8   Next: 95%
Magic:  7/7        EV:  2    Int:  5    God:    Okawaru [*.....]
Gold:   416        SH:  5    Dex:  9    Spells: 7/7 levels left

rFire   . . .      SeeInvis .   a - +0 war axe {axe}
rCold   . . .      Faith    .   c - +0 buckler
rNeg    . . .      Spirit   .   (armour currently unavailable)
rPois   +          Reflect  .   (helmet currently unavailable)
rElec   .          Harm     .   (cloak currently unavailable)
rCorr   +          Rampage  .   (gloves currently unavailable)
Will    .....      NoTele   +   (boots currently unavailable)
Stlth   ..........              (no amulet)
HPRegen 0.37/turn               G - +4 ring of protection
MPRegen 0.10/turn               k - ring of resist corrosion

@: mighty, berserking, lethally poisoned (-9 -> -18), tree-form (expiring), very
quick
A: stationary, stasis, torment immunity, boosted hp, (horns 2), (retaliatory
headbutt)
a: Renounce Religion, Heroism


You were on level 7 of the Dungeon.
You worshipped Okawaru.
Okawaru was aware of your devotion.
You were a tree.
You visited 2 branches of the dungeon, and saw 8 of its levels.
You also visited: Ossuary.

You collected 416 gold pieces.


Innate Abilities, Weirdness & Mutations

You are a tree.
Your roots penetrate the ground, keeping you stationary.
You cannot be teleported.
You are immune to unholy pain and torment.
Your maximum health is greatly increased.
Your equipment is partially melded.
((You have a pair of horns on your head.))
((You reflexively headbutt those who attack you in melee.))


   Skills:
 + Level 7.8 Fighting
 + Level 7.3 Axes
 + Level 7.8 Armour
 + Level 7.9 Shields


You had 7 spell levels left.
You didn't know any spells.
Your spell library contained the following spells:

 Spells                   Type           Power      Damage    Failure   Level
 Sandblast                Erth           0%         2d4       54%         1
 Passwall                 Tmut/Erth      0%         N/A       69%         2
 Stone Arrow              Conj/Erth      0%         3d7       89%         3
 Dispersal                Tloc           0%         N/A       100%        6
 Disjunction              Tloc           0%         N/A       100%        8
 Summon Forest            Summ/Tloc      Unusable   N/A       N/A         5
 Summon Mana Viper        Hex/Summ       Unusable   N/A       N/A         5
 Summon Cactus Giant      Summ           Unusable   N/A       N/A         6
 Malign Gateway           Summ/Tloc      Unusable   N/A       N/A         7
 Summon Horrible Things   Summ           Unusable   N/A       N/A         8

Inventory:

Hand Weapons
 a - a +0 war axe (weapon) {axe}
 L - a +3 flail of protection {mace}
   (You took it off Edmund on level 6 of the Dungeon)
Missiles
 g - 3 boomerangs {throwing}
 n - 11 atropa-tipped darts {throwing}
 o - 10 poisoned darts {throwing}
Armour
 b - a +0 scale mail
 c - a +0 buckler (worn)
 t - a +0 cloak (melded)
   (You found it on level 2 of the Dungeon)
 w - a +0 pair of boots of stealth (melded)
   (You found it on level 3 of the Dungeon)
 F - the +0 ring mail of the Wilderness (melded) {rPois}
   (You found it on level 4 of the Dungeon)

   rPois:     It protects you from poison.
Jewellery
 j - a ring of flight
   (You found it on level 1 of the Dungeon)
 k - a ring of resist corrosion (right branch)
   (You found it on level 1 of the Dungeon)
 v - a ring of wizardry
   (You found it on level 3 of the Dungeon)
 G - a +4 ring of protection (left branch)
   (You found it on level 4 of the Dungeon)
Wands
 I - a wand of charming (10) (quivered)
   (You found it on level 5 of the Dungeon)
 M - a wand of digging (5)
   (You found it on level 6 of the Dungeon)
Scrolls
 e - 2 scrolls of blinking {unknown}
 f - 2 scrolls of immolation {unknown}
 h - 2 scrolls of fog {unknown}
 i - 2 scrolls of noise {unknown}
 l - a scroll of torment {unknown}
 m - 2 scrolls of brand weapon {unknown}
 q - a scroll of vulnerability {unknown}
 r - 6 scrolls of teleportation {unknown}
 s - a scroll of summoning {unknown}
 u - 7 scrolls of identify {unknown}
 C - 2 scrolls of amnesia {unknown}
 D - 5 scrolls of enchant armour {unknown}
 J - 2 scrolls of magic mapping {unknown}
 K - a scroll of holy word {unknown}
Potions
 d - a potion of might
 p - 4 potions of lignification {!q}
 x - a potion of curing {@q1}
 z - a potion of heal wounds {unknown}
 A - a potion of berserk rage {!q}
 B - a potion of ambrosia {unknown}
 E - 3 potions of attraction {unknown}
 H - a potion of flight

Dungeon Overview and Level Annotations

Branches:
Dungeon (7/15)             Temple (1/1) D:6         Ossuary (visited)

Altars:
Ashenzari
Cheibriados
Dithmenos
Elyvilon
Fedhas
Gozag
Hepliaklqana
Kikubaaqudgha
Makhleb
Nemelex Xobeh
Okawaru
Qazlal
Ru
Sif Muna
Trog
Wu Jian
Xom
Yredelemnul
Zin
The Shining One

Shops:
D:5 (

Annotations:
D:3 2 transporters, Menkaure Z

# .. # .### .###.
g#. ##.#. #.. #...#
## . #####..
#...#####..#
..#...#..
#...#...#.)# ...g
#.###♣#.....#.#
gg###ggy###...##.##
##.#..gg.#.###.#..#
#).†#..g#...#...#.#
#...#####...#...#.#
#...# #...#...#.#
### ##.#.
.#.###.#..####.#
.###.
.###...##...#...##
.. ###
.....#.......#.


You could see a gnoll sergeant, a killer bee, 4 gnolls and a centaur zombie
(wandering).


Message History

The killer bee stings you but does no damage.
The killer bee stings you!
* * * LOW HITPOINT WARNING * * *
The gnoll sergeant hits you from afar with a +4 trident of venom!
* * * LOW HITPOINT WARNING * * *
The gnoll barely misses you. 😱 HP[-15]
You take 15 damage, and now have 17/111 hp.
You hit the killer bee but do no damage.
The killer bee stings you.
* * * LOW HITPOINT WARNING * * *
You block the killer bee's attack. You block the gnoll sergeant's attack.
A gnoll comes into view. It is wielding a +0 flail.
The gnoll hits you but does no damage. The killer bee stings you.
* * * LOW HITPOINT WARNING * * *
😱 HP[-4]
You take 4 damage, and now have 13/111 hp.
You slash the killer bee!
The killer bee stings you but does no damage.
The gnoll sergeant hits you but does no damage.
The gnoll barely misses you.
The killer bee stings you but does no damage.
It was a potion of curing.
You feel better. You block the killer bee's attack.
You block the gnoll sergeant's attack. The gnoll hits you but does no damage.
You block the killer bee's attack. 😱 HP[+11]
You regained 11 hp, and now have 24/111 hp.
You feel better. The killer bee stings you.
* * * LOW HITPOINT WARNING * * *
The gnoll sergeant hits you but does no damage.
The gnoll hits you from afar with a +0 halberd.
* * * LOW HITPOINT WARNING * * *
You block the killer bee's attack. 😱 HP[+3]
You regained 3 hp, and now have 27/111 hp.
You closely miss the killer bee. You block the killer bee's attack.
You block the gnoll sergeant's attack.
The gnoll hits you from afar with a +0 halberd!
* * * LOW HITPOINT WARNING * * *
The killer bee stings you but does no damage.
The gnoll sergeant hits you but does no damage. 😱 HP[-8]
You take 8 damage, and now have 19/111 hp.
You feel very mighty all of a sudden.
The killer bee stings you but does no damage.
The gnoll hits you but does no damage. The killer bee stings you.
* * * LOW HITPOINT WARNING * * *
The gnoll sergeant hits you from afar with a +4 trident of venom.
* * * LOW HITPOINT WARNING * * *
You are poisoned. 😱 HP[-5]
You take 5 damage, and now have 14/111 hp.
You barely miss the killer bee.
You feel sick.
The killer bee stings you but does no damage. x2
You block the gnoll's attack.
The killer bee stings you but does no damage.
The gnoll sergeant hits you but does no damage.
You are more poisoned.
The gnoll barely misses you. 😱 HP[-1]
You take 1 damage, and now have 13/111 hp.
You miss the killer bee.
* * * LOW HITPOINT WARNING * * *
You feel very sick.
The killer bee stings you but does no damage.
You block the killer bee's attack.
The gnoll sergeant hits you but does no damage.
The gnoll hits you but does no damage.
A centaur zombie comes into view. 😱 HP[-3]
You take 3 damage, and now have 10/111 hp.
You barely miss the killer bee.
* * * LOW HITPOINT WARNING * * *
You feel very sick.
The killer bee stings you but does no damage.
The killer bee barely misses you. You block the gnoll sergeant's attack.
The gnoll hits you from afar with a +0 halberd.
* * * LOW HITPOINT WARNING * * *
The killer bee stings you but does no damage. 😱 HP[-7]
You take 7 damage, and now have 3/111 hp.
It was a potion of berserk rage.
A red film seems to cover your vision as you go berserk!
You feel yourself moving faster!
You feel mighty!
* * * LOW HITPOINT WARNING * * *
You feel sick.
The killer bee stings you but does no damage.
You block the gnoll sergeant's attack. The gnoll hits you but does no damage.
The killer bee stings you but does no damage.
You now have 166 max hp (+55).
You are too berserk!
You miss the killer bee.
Your transformation is almost over.
* * * LOW HITPOINT WARNING * * *
You feel sick.
The killer bee stings you but does no damage.
The gnoll sergeant hits you but does no damage.
You are more poisoned.
The gnoll hits you from afar with a +0 halberd!
You die...

Skill      XL: |  1  2  3  4  5  6  7  8 |
---------------+-------------------------+-----
Shields        | 4 5 6 7 |  7.9
Fighting       | 4 5 6 7 |  7.8
Armour         | 4 5 6 7 |  7.8
Axes           | 3 4 5 6 7 |  7.3

Action                   |  1- 3 |  4- 6 |  7- 9 || total
-------------------------+-------+-------+-------++-------
Melee: War axe           |    78 |   167 |   147 ||   392
       Headbutt          |     9 |    20 |    18 ||    47
Throw: Boomerang         |       |     3 |     1 ||     4
  Use: Potion            |       |     2 |     5 ||     7
Armor: Scale mail        |    31 |    88 |       ||   119
       Ring mail         |       |     8 |    70 ||    78
       Skin              |       |       |    37 ||    37
Dodge: Dodged            |    38 |    68 |    78 ||   184
Block: Buckler           |    15 |    35 |    57 ||   107

Levels and vault maps discovered:
D:1:      tarquinn_simple_flora_water_e, layout_loops_corners, minmay_tromino_v2
D:2:      minmay_alternating_diamond, layout_loops_ring,
          shapermc_ecumenical_altar_pompeii
D:3:      layout_loops_cross, gammafunk_temple_of_torment,
          hangedman_abyss_or_decor_stabs, nrook_uturn, kennysheep_generic_room_3
D:4:      layout_gridville, mainiacjoe_overflow_concentric_impassable,
          serial_undead, serial_undead_f, serial_undead_e, serial_undead_b,
          serial_undead_e, enter_ossuary_4, minmay_misc_feat_pillars
D:5:      layout_rooms, mainiacjoe_overflow_brackets, old_standard_altar,
          nicolae_zen_rock_garden, nicolae_shop_firing_range, uniq_blork_the_orc
D:6:      layout_basic, minmay_temple_entry_wispy, uniq_edmund
D:7:      nicolae_cairo_tiling, layout_layer_cave,
          hangedman_abyss_or_decor_lesser_grid, uniq_menkaure
Temple:   regret_index_temple_generic_petals

Notes
Turn   | Place    | Note
-------+----------+-------------------------------------------
     0 | D:1      | Faeu the Minotaur Fighter began the quest for the Orb.
     0 | D:1      | Reached XP level 1. HP: 19/19 MP: 0/0
     0 | D:1      | magus.rc [v1.9.6]
   429 | D:1      | Reached XP level 2. HP: 17/27 MP: 1/1
   659 | D:1      | Reached skill level 4 in Shields
   770 | D:1      | Reached skill level 4 in Fighting
  1072 | D:2      | Reached skill level 4 in Armour
  1147 | D:2      | Reached skill level 3 in Axes
  1240 | D:2      | Found a faded altar of an unknown god.
  1317 | D:2      | Reached XP level 3. HP: 29/33 MP: 2/2
  2012 | D:3      | Reached XP level 4. HP: 38/40 MP: 3/3
  2206 | D:2      | HP: 7/41 [poisoned by an adder]
  2211 | D:2      | HP: 5/61 [poisoned by an adder]
  2532 | D:3      | Reached XP level 5. HP: 29/47 MP: 4/4
  2947 | D:3      | Found a transporter.
  2953 | D:3      | Found a transporter.
  3035 | D:3      | You pick up a book of Geomancy and begin reading...
  3035 | D:3      | You add the spells Sandblast, Passwall and Stone Arrow to
                  | your library.
  3040 | D:3      | Noticed a phantom
  3061 | D:3      | Reached skill level 4 in Axes
  3289 | D:3      | Found an ancient bone altar of Kikubaaqudgha.
  3293 | D:3      | Found a basalt altar of Yredelemnul.
  3297 | D:3      | Noticed Menkaure
  3517 | D:4      | Found a blossoming altar of Fedhas.
  3635 | D:4      | Found a sand-covered staircase.
  3652 | Ossuary  | Entered an ossuary
  3705 | Ossuary  | Reached skill level 5 in Shields
  3787 | Ossuary  | Reached skill level 5 in Fighting
  3787 | Ossuary  | Reached skill level 5 in Armour
  3800 | Ossuary  | Reached XP level 6. HP: 25/56 MP: 5/5
  3814 | Ossuary  | HP: 12/56 [elf zombie (6)]
  4209 | D:4      | You pick up a book of the Warp and begin reading...
  4209 | D:4      | You add the spells Dispersal and Disjunction to your
                  | library.
  4265 | D:4      | Identified the +0 ring mail of the Wilderness {rPois}
  4383 | D:4      | You pick up a book of the Wilderness and begin reading...
  4383 | D:4      | You add the spells Summon Forest, Summon Mana Viper and
                  | Summon Cactus Giant to your library.
  4675 | D:5      | Entered Level 5 of the Dungeon
  4675 | D:5      | Noticed Blork the orc
  4675 | D:5      | Found Wokalogh's Firing Range.
  4685 | D:4      | Killed Blork the orc
  4686 | D:4      | Reached skill level 5 in Axes
  4742 | D:4      | Reached XP level 7. HP: 28/62 MP: 6/6
  5040 | D:5      | Reached skill level 6 in Shields
  5163 | D:5      | Found a shimmering blue altar of Sif Muna.
  5173 | D:5      | Reached skill level 6 in Fighting
  5173 | D:5      | Reached skill level 6 in Armour
  5830 | D:5      | Found a broken altar of Ashenzari.
  5925 | D:5      | Reached skill level 6 in Axes
  6087 | D:6      | Reached XP level 8. HP: 43/71 MP: 7/7
  6156 | D:6      | Found a staircase to the Ecumenical Temple.
  6162 | Temple   | Entered the Ecumenical Temple
  6429 | Temple   | Became a worshipper of Warmaster Okawaru
  6630 | D:6      | Reached skill level 7 in Shields
  6810 | D:6      | Noticed Edmund
  6823 | D:6      | Killed Edmund
  6824 | D:6      | Reached skill level 7 in Fighting
  6824 | D:6      | Reached skill level 7 in Armour
  7257 | D:7      | Reached skill level 7 in Axes
  7327 | D:7      | Reached * piety under Okawaru
  7522 | D:7      | HP: 24/111 [killer bee (7)]
  7527 | D:7      | HP: 19/111 [gnoll/+0 halberd (8)]
  7531 | D:7      | HP: 8/111 [poisoned by a gnoll sergeant]
  7531 | D:7      | HP: 3/111 [gnoll/+0 halberd (5)]
  7533 | D:7      | Mangled by a gnoll

Vanquished Creatures
  Edmund (D:6)
  An acid dragon (D:5)
  A water moccasin (D:7)
  An ice beast (D:5)
  A sky beast (D:5)
  An ogre (D:6)
  A centaur (D:7)
  A phantom (D:6)
  An elf zombie (Ossuary)
  Blork the orc (D:4)
  2 bullfrogs
  A wyvern zombie (D:5)
  A water moccasin skeleton (D:5)
  3 howler monkeys (D:7)
  2 human zombies (Ossuary)
  A hound (D:7)
  2 centaur zombies
  An orc priest (D:3)
  6 iguanas
  2 centaur skeletons
  2 orc wizards (D:3)
  2 mummies (Ossuary)
  A howler monkey zombie (D:4)
  4 adders
  A shadow imp (D:6)
  2 white imps
  An ufetubus (D:7)
  An adder skeleton (D:2)
  An adder zombie (D:4)
  A worm (D:3)
  3 dart slugs
  13 orcs
  2 bats (D:2)
  9 endoplasms
  5 goblins
  3 hobgoblins
  9 jackals
  7 kobolds
  A quokka (D:3)
  6 ball pythons
  4 frilled lizards
  3 goblin zombies
  8 hobgoblin zombies (Ossuary)
  2 jackal zombies (Ossuary)
  13 kobold zombies (Ossuary)
  5 orc zombies (Ossuary)
  A quokka zombie (D:4)
  6 rats
  3 rat zombies
150 creatures vanquished.

Vanquished Creatures (others)
  A withered plant (D:4)
1 creature vanquished.

Grand Total: 151 creatures vanquished

Table legend:
 A = Non-vault XP
 B = Vault XP
 C = Vault XP percentage of total XP
 D = Non-vault monster count
 E = Vault monster count
 F = Vault count percentage of total count
                 A         B        C        D         E       F
            +---------+---------+-------+---------+---------+-------
      Total |    2104 |     627 |  23.0 |      96 |      54 |  36.0
            +---------+---------+-------+---------+---------+-------
        D:1 |      30 |       2 |   6.2 |      19 |       1 |   5.0
        D:2 |      46 |      10 |  17.9 |      15 |       6 |  28.6
        D:3 |     182 |       1 |   0.5 |      23 |       1 |   4.2
        D:4 |      53 |     156 |  74.6 |       8 |       7 |  46.7
        D:5 |     654 |       0 |   0.0 |       9 |       0 |   0.0
        D:6 |     502 |     171 |  25.4 |      12 |       1 |   7.7
        D:7 |     637 |       0 |   0.0 |      10 |       0 |   0.0
    Ossuary |       0 |     287 | 100.0 |       0 |      38 | 100.0
            +---------+---------+-------+---------+---------+-------

Illustrated notes

Table legend:
 A = Kills in this place as a percentage of kills in entire the game.
 B = Kills by you in this place as a percentage of kills by you in the entire game.
 C = Kills by friends in this place as a percentage of kills by friends in the entire game.
 D = Other kills in this place as a percentage of other kills in the entire game.
 E = Experience gained in this place as a percentage of experience gained in the entire game.
 F = Experience gained in this place divided by the number of levels of this place that you have seen.
                   A       B       C       D       E      F
               +-------+-------+-------+-------+-------+----------------------
         Total | 100.0 | 100.0 |   N/A |   N/A | 100.0 | 303.4
       Dungeon |  74.7 |  74.7 |   N/A |   N/A |  89.5 | 349.1
       Ossuary |  25.3 |  25.3 |   N/A |   N/A |  10.5 | 287.0
               +-------+-------+-------+-------+-------+----------------------

Table legend: (Time is in decaauts)
 A = Elapsed time spent in this place.
 B = Non-inter-level travel time spent in this place.
 C = Inter-level travel time spent in this place.
 D = Time resting spent in this place.
 E = Time spent auto-exploring this place.
 F = Levels seen in this place.
 G = Mean time per level.
                   A        B        C        D        E       F      G
               +--------+--------+--------+--------+--------+-----+--------+
         Total |   7653 |   7547 |    106 |   1470 |   3597 |   9 |  850.3 |
       Dungeon |   6806 |   6700 |    106 |   1231 |   3293 |   7 |  972.3 |
        Temple |    315 |    315 |      0 |      0 |    239 |   1 |  315.0 |
       Ossuary |    531 |    531 |      0 |    239 |     65 |   1 |  531.0 |
               +--------+--------+--------+--------+--------+-----+--------+

Top non-repeatable levels by time:
     D:3: 1243 daAuts
     D:2: 1183 daAuts
     D:5: 1141 daAuts
     D:1: 1076 daAuts
     D:4: 962 daAuts
     D:6: 823 daAuts
 Ossuary: 531 daAuts
     D:7: 375 daAuts
  Temple: 315 daAuts
